 Dungeon Crawl Stone Soup version 0.29-a0-559-g359e09b (webtiles) character file.

Game seed: 16911515489856491860

1 Illumine the Slasher (level 1, -3/13 HPs)
             Began as a Demonspawn Wanderer on June 9, 2022.
             Slain by a hobgoblin (4 damage)
             ... on level 1 of the Dungeon.
             The game lasted 00:00:15 (69 turns).

Illumine the Slasher (Demonspawn Wanderer)            Turns: 69, Time: 00:00:16

Health: -3/13      AC:  2    Str: 12    XL:     1   Next: 16%
Magic:  3/3        EV: 11    Int: 13    God:
Gold:   33         SH:  0    Dex: 12    Spells: 3/4 levels left

rFire   . . .      SeeInvis .   a - +2 falchion
rCold   . . .      Faith    .   (no shield)
rNeg    . . .      Spirit   .   e - +0 robe
rPois   .          Reflect  .   (no helmet)
rElec   .          Harm     .   (no cloak)
rCorr   .          Rampage  .   (no gloves)
Will    .....                   (no boots)
Stlth   +.........              (no amulet)
HPRegen 0.04/turn               (no ring)
MPRegen 0.08/turn               (no ring)

@: no status effects
A: no striking features
a: no special abilities


You were on level 1 of the Dungeon.
You visited 1 branch of the dungeon, and saw 1 of its levels.

You collected 33 gold pieces.

Inventory:

Hand Weapons
 a - a +2 falchion (weapon)
 c - a +0 dagger
Missiles
 b - 9 boomerangs (quivered)
Armour
 e - a +0 robe (worn)
Scrolls
 g - a scroll of teleportation {unknown}
Potions
 d - a potion of curing
 f - a potion of heal wounds {unknown}


   Skills:
 * Level 2.8 Long Blades
 - Level 1.7 Throwing
 - Level 2.0 Spellcasting
 - Level 2.0 Conjurations
 - Level 1.0 Evocations


You had 3 spell levels left.
You knew the following spells:

 Your Spells              Type           Power      Damage    Failure   Level
a - Magic Dart            Conj           24%        1d4       11%         1

Your spell library contained the following spells:

 Spells                   Type           Power      Damage    Failure   Level
 Conjure Flame            Conj/Fire      3%         6-21      45%         3
 Anguish                  Hex/Necr       0%         N/A       94%         4
 Enfeeble                 Hex            0%         N/A       100%        7


Dungeon Overview and Level Annotations

Branches:
Dungeon (1/15)

Altars:


Message History

You begin with the following items: a +2 falchion, 9 boomerangs, a +0 dagger, a potion of curing, a +0 robe; and the following spell memorised: Magic Dart; and the following spells available to memorise: Conjure Flame.
You now have 15 gold pieces.
f - an inky potion You now have 27 gold pieces (gained 12).
You pick up a book of Maledictions and begin reading...
You add the spells Anguish and Enfeeble to your library.
You now have 33 gold pieces (gained 6).
g - a scroll labelled XYAQAIXTIZOC A hobgoblin and a bat come into view.
Found 23 gold pieces and a scroll labelled HEAG HUQAUSICU.
You hit the bat.
You kill the bat!
You see here a bat corpse.
You barely miss the hobgoblin. The hobgoblin misses you.
You hit the hobgoblin.
The hobgoblin is severely wounded.
The hobgoblin hits you.
You hit the hobgoblin but do no damage.
The hobgoblin is severely wounded.
The hobgoblin hits you but does no damage.
You barely miss the hobgoblin.
The hobgoblin is severely wounded.
The hobgoblin hits you.
You closely miss the hobgoblin.
The hobgoblin is severely wounded.
The hobgoblin closely misses you.
You hit the hobgoblin but do no damage.
The hobgoblin is severely wounded.
The hobgoblin closely misses you. The hobgoblin misses you.
You closely miss the hobgoblin.
The hobgoblin is severely wounded.
The hobgoblin misses you.
You completely miss the hobgoblin.
The hobgoblin is severely wounded.
The hobgoblin hits you.
* * * LOW HITPOINT WARNING * * *
You barely miss the hobgoblin.
The hobgoblin is severely wounded.
The hobgoblin hits you.
You die...

##$.......
#.........
#.....$...
#.........
#.......?.
......$.. ≈##
#g....... ≈≈##.#
#@# ≈≈≈#.# #.#
8≈≈≈.# #.## ≈≈≈≈.##
#..# ≈≈≈≈.. ..
#..##### ≈≈≈≈# #..
#......# ≈≈≈≈#
#..##..##### ≈..≈#
...#..#
.≈≈.########.#.#..#


You could see a hobgoblin.

Vanquished Creatures
  A bat (D:1)
1 creature vanquished.

Notes
Turn   | Place    | Note
-------+----------+-------------------------------------------
     0 | D:1      | Illumine the Demonspawn Wanderer began the quest for the
                  | Orb.
     0 | D:1      | Illumine set off with the following items: a +2 falchion, 9
                  | boomerangs, a +0 dagger, a potion of curing, a +0 robe; and
                  | the following spell memorised: Magic Dart; and the
                  | following spells available to memorise: Conjure Flame
     0 | D:1      | Reached XP level 1. HP: 13/13 MP: 3/3
    69 | D:1      | Slain by a hobgoblin

Illustrated notes

Levels and vault maps discovered:
D:1:      nzn_arrival_water_spiral, layout_basic, serial_shops, shop,
          serial_bayou_ford_a, dreamdust_mushroom_princess

Action                   || total
-------------------------++-------
Melee: Falchion          ||    10
Armor: Robe              ||     1
Dodge: Dodged            ||     5

Table legend: (Time is in decaauts)
 A = Elapsed time spent in this place.
 B = Non-inter-level travel time spent in this place.
 C = Inter-level travel time spent in this place.
 D = Time resting spent in this place.
 E = Time spent auto-exploring this place.
 F = Levels seen in this place.
 G = Mean time per level.
                   A        B        C        D        E       F      G
               +--------+--------+--------+--------+--------+-----+--------+
         Total |     70 |     70 |      0 |      0 |     49 |   1 |   70.0 |
       Dungeon |     70 |     70 |      0 |      0 |     49 |   1 |   70.0 |
               +--------+--------+--------+--------+--------+-----+--------+

Top non-repeatable levels by time:
     D:1: 70 daAuts
